 Dungeon Crawl Stone Soup version 0.18-a0-1426-g3b9a63c (webtiles) character file.

1841 M4edhros the Martial Artist (level 9, -17/53 HPs)
             Began as an Octopode Artificer on Feb 28, 2016.
             Demolished by an orc warrior
             ... wielding a +0 flail
              (21 damage)
             ... on level 6 of the Dungeon.
             The game lasted 00:24:39 (27742 turns).

M4edhros the Martial Artist (Octopode Artificer)   Turns: 27742, Time: 00:24:40

Health: -17/53     AC:  1    Str: 16    XL:     9   Next: 12%
Magic:  0/10       EV: 13    Int: 22    God:    Xom [...*..]
Gold:   1931       SH:  0    Dex: 17    Spells: 1 memorised, 7 levels left

rFire  + + .     SeeInvis .       - Unarmed
rCold  + . .     Gourm    .     (no shield)
rNeg   + . .     Faith    .     (helmet restricted)
rPois  .         Spirit   +     s - amulet of guardian spirit
rElec  .         Dismiss  .     e - ring of Ecamybru {rF+ rN+ Dex+5 Stlth-}
rCorr  .         Reflect  .     f - +3 ring of intelligence
SustAt .         Harm     .     (no ring)
MR     .....                    (no ring)
Stlth  ++........               (no ring)
                                (no ring)
                                (no ring)
                                (no ring)

@: mighty, not resistant to hostile enchantments, unstealthy
A: almost no armour, amphibious, 8 rings, constrict 8, camouflage 1, blurry
vision 1, clever 1, cold resistance 1, deterioration 1, fire resistance 1, low
mp 1, screaming 1, gelatinous body 1
a: Renounce Religion


You were on level 6 of the Dungeon.
You worshipped Xom.
You were a favourite toy of Xom.
You were very hungry.

You visited 2 branches of the dungeon, and saw 8 of its levels.
You also visited: Sewer.

You collected 1931 gold pieces.

Inventory:

Hand Weapons
 j - a cursed +0 blowgun
 k - a +1 hunting sling
 A - a +0 flail of protection
Missiles
 l - 124 stones (quivered)
 q - 57 poisoned needles
 y - 6 needles of frenzy
Jewellery
 e - the ring of Ecamybru (left tentacle) {rF+ rN+ Dex+5 Stlth-}
   (Xom gifted it to you in the Ecumenical Temple)

   [ring of protection from fire]

   It affects your dexterity (+5).
   It protects you from fire.
   It protects you from negative energy.
   It makes you less stealthy.
 f - a +3 ring of intelligence (right tentacle)
 s - an amulet of guardian spirit (around mantle)
Wands
 b - a wand of flame (8/48)
 c - a wand of enslavement (14/24)
 d - a wand of random effects (7/48)
 p - a wand of iceblast (12/15)
 C - a wand of random effects (17/48)
Scrolls
 g - 4 scrolls of fog
 h - a scroll of random uselessness
 m - a scroll of noise
 o - 3 scrolls of remove curse
 r - a scroll of immolation
 x - a scroll of enchant armour
Potions
 i - a potion of might
 t - 2 potions of flight {unknown}
 u - 3 potions of heal wounds {unknown}
 v - 4 potions of curing {unknown}
 w - 2 potions of ambrosia {unknown}
 z - a potion of agility {unknown}
 D - a potion of mutation {unknown}
 F - a potion of invisibility {unknown}
 I - 2 potions of brilliance {unknown}
Books
 a - a book of Debilitation

   Spells                             Type                      Level
   a - Corona                         Hexes                        1
   b - Slow                           Hexes                        2
   c - Gell's Gravitas                Hexes/Translocation          3
   d - Inner Flame                    Hexes/Fire                   3
   e - Cause Fear                     Hexes                        4
   f - Leda's Liquefaction            Hexes/Earth                  4
 B - Sif Muna's Reference Book on the Frostbite
   (You found it on level 3 of the Dungeon)

   Spells                             Type                      Level
   a - Freeze                         Ice                          1
Comestibles
 n - a meat ration
 G - 2 fruits


   Skills:
 - Level 1.0 Fighting
   Level 1.0 Short Blades
 - Level 2.0 Dodging
 - Level 1.3 Stealth
 - Level 10.8 Unarmed Combat
 * Level 1.2 Spellcasting
 * Level 1.8 Hexes
 * Level 1.5 Translocations
 - Level 3.2 Evocations


You had 7 spell levels left.
You knew the following spells:

 Your Spells              Type           Power        Failure   Level  Hunger
a - Gell's Gravitas       Hex/Tloc       #.........   28%         3    ####...


Dungeon Overview and Level Annotations

Branches:
Dungeon (7/15)             Temple (1/1) D:5

Altars:
Ashenzari
Cheibriados
Dithmenos
Elyvilon
Fedhas
Gozag
Kikubaaqudgha
Makhleb
Nemelex Xobeh
Okawaru
Pakellas
Qazlal
Ru
Sif Muna
Trog
Vehumet
Xom
Yredelemnul
The Shining One

Shops:
D:2 }


Innate Abilities, Weirdness & Mutations

You cannot wear most types of armour.
You are amphibious.
You can wear up to eight rings at the same time.
You can use your tentacles to constrict eight enemies at once.
Your skin changes colour to match your surroundings (Stealth).
Your rubbery body absorbs attacks (AC +1).
Scrolls take you a little longer to read.
Your mind is acute. (Int +2)
Your flesh is cold resistant.
Your body sometimes deteriorates upon taking damage.
Your flesh is heat resistant.
Your magical capacity is low (-10% MP).
You occasionally shout uncontrollably at your foes.


Message History

You constrict the orc warrior, but do no damage.
The orc warrior hits you with a flail!!
Your short sword hits the big kobold!!
The big kobold dies!
Drink which item? (? for menu, Esc to quit)
You feel very mighty all of a sudden.
You constrict the orc warrior. The orc warrior hits you with a flail!!
* * * LOW HITPOINT WARNING * * *
Xom thinks this is hilarious!
Your short sword hits the orc warrior but does no damage.
You tentacle-slap the orc warrior but do no damage.
The orc warrior is lightly wounded.
You constrict the orc warrior.
Your short sword hits the orc warrior!
Unknown command.
Unknown command.
You tentacle-slap the orc warrior.
The orc warrior is heavily wounded.
You constrict the orc warrior, but do no damage.
Your short sword hits the orc warrior!
The orc warrior hits you with a flail!!
You die...
Xom titters!

.....###.........##......##..).).
###...............#......##..)...
##.......................##.....#
##..#............................
...##...#...............#........
..###...#...................#....
.## #...#........(.>......###....
## #.....##.##..o...............
#####....###.##.@#...............
.....##......##..#.............#.
.#######..###.....#...........###
## #.##..#................### .#
#..###...................# .#
##.##..................... .#
##..............#......... .#
###................#........ .#
###..<...#........)...........


You could see an orc warrior and a friendly short sword.

Vanquished Creatures
  A hog (D:5)
  An eye of draining (D:5)
  3 sky beasts
  3 ice beasts
  The ghost of Amnesiac the Digger, an amateur FoEE (D:4)
  A big kobold (Sewer)
  2 giant frogs (D:6)
  A jelly (D:7)
  A howler monkey (D:6)
  A centaur skeleton (D:6)
  A hound (D:6)
  6 orc wizards
  A giant frog skeleton (D:6)
  2 iguanas (D:5)
  3 worker ants
  A howler monkey skeleton (D:5)
  A howler monkey zombie (D:5)
  12 adders
  3 river rats (Sewer)
  2 oozes
  An adder zombie (D:3)
  An adder skeleton (D:6)
  2 dart slugs
  4 worms
  4 giant geckos
  25 orcs
  6 ball pythons
  10 bats
  10 giant cockroaches
  10 goblins
  6 hobgoblins
  20 jackals
  7 quokkas
  A giant cockroach zombie (D:5)
  8 giant newts
  13 kobolds
  3 quokka skeletons
  20 rats
198 creatures vanquished.

Vanquished Creatures (collateral kills)
  A big kobold (D:6)
1 creature vanquished.

Grand Total: 199 creatures vanquished

Notes
Turn   | Place    | Note
--------------------------------------------------------------
     0 | D:1      | M4edhros the Octopode Artificer began the quest for the Orb.
     0 | D:1      | Reached XP level 1. HP: 13/13 MP: 3/3
    57 | D:1      | Reached skill level 1 in Unarmed Combat
   186 | D:1      | Reached XP level 2. HP: 9/18 MP: 4/4
   534 | D:2      | Reached skill level 2 in Unarmed Combat
   564 | D:2      | Reached XP level 3. HP: 23/23 MP: 5/5
   778 | D:3      | Reached skill level 3 in Unarmed Combat
  1154 | D:4      | Found a basalt altar of Yredelemnul.
  1177 | D:4      | Reached XP level 4. HP: 26/28 MP: 6/6
  1185 | D:5      | Entered Level 5 of the Dungeon
  1419 | D:4      | Reached skill level 4 in Unarmed Combat
  1453 | D:4      | Found a glowing drain.
  1523 | Sewer    | Entered a sewer
  1530 | Sewer    | Reached XP level 5. HP: 16/33 MP: 5/7
  1612 | Sewer    | Noticed a big kobold
  1630 | Sewer    | Killed a big kobold
  1630 | Sewer    | Reached skill level 5 in Unarmed Combat
  1713 | Sewer    | Found a white marble altar of Elyvilon.
  1903 | D:4      | Noticed Amnesiac's ghost (amateur FoEE)
  1909 | D:4      | Killed Amnesiac's ghost
  1909 | D:4      | Reached skill level 6 in Unarmed Combat
  1909 | D:4      | Reached XP level 6. HP: 31/38 MP: 6/8
  2088 | D:5      | Noticed a sky beast
  2096 | D:5      | Noticed a sky beast
  2122 | D:5      | Found a white marble altar of Elyvilon.
  2135 | D:5      | Noticed an eye of draining
  2434 | D:5      | Killed a sky beast
  2434 | D:5      | Reached skill level 7 in Unarmed Combat
  2434 | D:5      | Reached XP level 7. HP: 41/43 MP: 9/9
  2556 | D:5      | Found an iron altar of Okawaru.
  2557 | D:5      | Found a glowing golden altar of the Shining One.
  2737 | D:5      | Found a staircase to the Ecumenical Temple.
  2743 | Temple   | Entered the Ecumenical Temple
  2803 | Temple   | Became a worshipper of Xom of Chaos
  2862 | D:5      | XOM: divination: detect items
  3693 | D:5      | XOM: cast spell 'Necromutation'
  3750 | D:5      | XOM: mild Divn miscast
  3868 | D:5      | XOM: summons friendly white imp
  3872 | D:5      | XOM: confuse monster(s)
  3874 | D:5      | Reached skill level 8 in Unarmed Combat
  3887 | D:4      | Gained mutation: Your mind is acute. (Int +2) [mutagenic meat]
  3888 | D:4      | Gained mutation: You evolve. [mutagenic meat]
  3889 | D:4      | Gained mutation: Your mind is very acute. (Int +4) [mutagenic meat]
  3890 | D:4      | Gained mutation: Your magical capacity is low (-10% MP). [mutagenic meat]
  3891 | D:4      | Lost mutation: Your magical capacity is low (-10% MP). [mutagenic meat]
  4059 | D:4      | Gained mutation: Your flesh is heat resistant. [evolution]
  4310 | D:4      | XOM: god gift: 35 gold pieces
  4404 | D:4      | XOM: divination: detect creatures
  4515 | D:4      | XOM: god gift: 6 needles of frenzy
  4768 | D:3      | XOM: polymorph jackal -> giant gecko
  5116 | D:3      | Found a shattered altar of Ashenzari.
  5116 | D:3      | XOM: 4-stop teleportation journey
  5581 | D:3      | XOM: 2-stop teleportation journey
  6016 | D:3      | XOM: harmless Pois miscast
  6036 | D:3      | XOM: scenery: 1 doors close
  6125 | D:3      | Found a burning altar of Makhleb.
  6134 | D:3      | Found a deep blue altar of Sif Muna.
  6220 | D:3      | Identified Sif Muna's Reference Book on the Frostbite
  6617 | D:3      | XOM: god gift: scroll labeled COCUOF COARUNN
  6738 | D:3      | XOM: 2-stop teleportation journey
  7005 | D:3      | XOM: torment (26/43 hp)
  7390 | D:3      | XOM: noise
  8044 | D:3      | XOM: medium Erth miscast
  8052 | D:3      | XOM: stat loss: -1 Dex (11/12)
  8250 | D:3      | XOM: medium Trmt miscast
  8263 | D:3      | XOM: give mutations
  8263 | D:3      | Lost mutation: Your mind is very acute. (Int +4) [Xom's mischief]
  8263 | D:3      | Gained mutation: You occasionally shout uncontrollably at your foes. [Xom's mischief]
  8263 | D:3      | Gained mutation: You are weak. (Str -2) [Xom's mischief]
  8263 | D:3      | Gained mutation: Your magical capacity is low (-10% MP). [Xom's mischief]
  8350 | D:3      | Lost mutation: Your magical capacity is low (-10% MP). [potion of cure mutation]
  8350 | D:3      | Lost mutation: You evolve. [potion of cure mutation]
  8350 | D:3      | Lost mutation: You are weak. (Str -2) [potion of cure mutation]
  8556 | D:2      | Found an oddly glowing altar of Pakellas.
  8556 | D:2      | Found Pakellas's Prime Provisions.
  8578 | D:2      | XOM: 3-stop teleportation journey
  9481 | D:2      | XOM: mild Hex miscast
 10687 | D:2      | XOM: mild Summ miscast
 11088 | D:2      | Reached XP level 8. HP: 48/48 MP: 10/10
 11139 | D:2      | XOM is BORED!
 11139 | D:2      | XOM: harmless Fire miscast
 11220 | D:2      | XOM: divination: magic mapping
 11533 | D:2      | XOM is BORED!
 11533 | D:2      | XOM: mild Tloc miscast
 11781 | D:2      | XOM: divination: detect creatures
 12059 | D:2      | XOM: silly message
 12250 | D:1      | XOM: cast spell 'Dragon Form'
 12638 | D:1      | XOM is BORED!
 12638 | D:1      | XOM: mild Hex miscast
 12677 | D:1      | XOM: divination: magic mapping
 12711 | D:1      | XOM: vitrification
 12879 | D:1      | XOM: vitrification
 13048 | Temple   | XOM: silly message
 13944 | Temple   | XOM: mild Hex miscast
 14150 | Temple   | XOM: divination: detect items
 14377 | Temple   | XOM: divination: magic mapping
 14502 | Temple   | XOM is BORED!
 14502 | Temple   | XOM: noise
 15374 | Temple   | XOM is BORED!
 15374 | Temple   | XOM: silly message
 15974 | Temple   | XOM is BORED!
 15974 | Temple   | XOM: medium Pois miscast
 16203 | Temple   | XOM: silly message
 17538 | D:5      | XOM: divination: detect creatures
 17603 | D:5      | XOM is BORED!
 17603 | D:5      | XOM: mild Divn miscast
 17876 | Temple   | XOM: noise
 17881 | Temple   | XOM: medium Chrm miscast
 17971 | Temple   | XOM: god gift: 21 gold pieces
 18198 | Temple   | XOM: noise
 18426 | Temple   | XOM: vitrification
 18530 | Temple   | XOM: colour smoke trail
 18623 | Temple   | XOM: god gift: encrusted brass ring {god gift}
 18798 | Temple   | XOM: colour smoke trail
 18867 | Temple   | XOM: divination: detect creatures
 19206 | Temple   | XOM: god gift: hardcover book {god gift}
 19212 | Temple   | Learned a level 3 spell: Gell's Gravitas
 19505 | Temple   | XOM: 1-stop teleportation journey
 19775 | Temple   | XOM: god gift: 1470 gold pieces
 20276 | Temple   | XOM: god gift: flickering glass ring {god gift}
 20277 | Temple   | Got a flickering glass ring {god gift}
 20278 | Temple   | Identified the ring of Ecamybru {rF+ rN+ Dex+5 Stlth-} (Xom gifted it to you in the Ecumenical Temple)
 20324 | Temple   | XOM: vitrification
 21504 | Temple   | XOM: give mutation
 21504 | Temple   | Gained mutation: Your mind is very acute. (Int +4) [Xom's grace]
 22118 | Temple   | XOM: give mutation
 22118 | Temple   | Gained mutation: Your flesh is cold resistant. [Xom's grace]
 22926 | Temple   | XOM: 10-stop teleportation journey
 22941 | Temple   | XOM: harmless Erth miscast
 23062 | Temple   | XOM: noise
 23132 | Temple   | XOM: 4-stop teleportation journey
 23452 | Temple   | XOM: colour smoke trail
 23618 | Temple   | XOM: 5-stop teleportation journey
 23646 | Temple   | XOM: give mutations
 23646 | Temple   | Gained mutation: Scrolls take you a little longer to read. [Xom's mischief]
 23646 | Temple   | Gained mutation: Your body sometimes deteriorates upon taking damage. [Xom's mischief]
 23646 | Temple   | Lost mutation: Your mind is very acute. (Int +4) [Xom's mischief]
 23646 | Temple   | Gained mutation: Your magical capacity is low (-10% MP). [Xom's mischief]
 23797 | Temple   | XOM is BORED!
 23797 | Temple   | XOM: mild Pois miscast
 23808 | D:5      | XOM: divine lightning (protected)
 23810 | D:5      | Reached skill level 9 in Unarmed Combat
 23973 | D:5      | XOM: potion effect (heal wounds)
 24407 | D:6      | Reached skill level 10 in Unarmed Combat
 24426 | D:6      | XOM: scenery: create altars
 24431 | D:6      | XOM: 6-stop teleportation journey
 24865 | D:6      | XOM: divination: magic mapping
 25439 | D:6      | XOM: 3-stop teleportation journey
 25722 | D:6      | XOM: divination: detect items
 26001 | D:6      | XOM: silly message
 26224 | D:6      | XOM: silly message
 26523 | D:7      | XOM: divination: magic mapping
 26975 | D:7      | Reached skill level 1 in Hexes
 26975 | D:7      | Reached XP level 9. HP: 46/53 MP: 8/10
 26979 | D:7      | Reached skill level 1 in Spellcasting
 26979 | D:7      | Reached skill level 1 in Translocations
 26989 | D:7      | XOM: enchant monster (good)
 27061 | D:6      | XOM: colour smoke trail
 27193 | D:6      | Found a stormy altar of Qazlal.
 27742 | D:6      | Demolished by an orc warrior

Vault maps used:
D:1:      eino_arrival_water_cross
D:2:      minmay_door_path, johnstein_pakellas_shop
D:3:      lemuel_crystal_altar, marbit_many_paths, hangedman_glass_teeth,
          led_sif_book
D:4:      kennysheep_little_box, portal_sewer_entry_a
D:5:      kennysheep_big_flooded_room, grunt_temple_overflow_open,
          minmay_temple_entry_fiery, first_bread
D:6:      nicolae_qazlal_style_of_elements
D:7:      grunt_dithmenos_smoke_and_mirrors
Temple:   zaba_magenta_temple_12
Sewer:    sewer_kobolds

Skill      XL: |  1  2  3  4  5  6  7  8  9 |
---------------+----------------------------+-----
Unarmed Combat | 1 2 3 4 6 7 8 10 | 10.8
Hexes          | 1 |  1.8
Spellcasting   | 1 |  1.2
Translocations | 1 |  1.5
Fighting       | |  1.0
Short Blades   | |  1.0
Dodging        | |  2.0
Stealth        | |  1.3
Evocations     | |  3.2

Action                   |  1- 3 |  4- 6 |  7- 9 || total
-------------------------+-------+-------+-------++-------
Melee: Unarmed           |    85 |    93 |   301 ||   479
Evoke: Wand              |       |     6 |    10 ||    16
  Use: Potion            |       |     3 |     2 ||     5
       Scroll            |       |       |    10 ||    10
 Stab: Sleeping          |     4 |     5 |     9 ||    18
  Eat: Chunk             |     1 |     4 |    42 ||    47
       Bread ration      |       |       |     4 ||     4
       Fruit             |       |       |     1 ||     1
       Meat ration       |       |       |     4 ||     4
